 Dungeon Crawl Stone Soup version 0.30.0-5-g1a98f26d00 (webtiles) character file.

Game seed: 2167829246697264187

1530 Irreverend the Ruffian (level 8, -1/80 HPs)
             Began as a Troll Fighter on May 13, 2023.
             Slain by an orc priest
             ... wielding a +0 trident
              (6 damage)
             ... on level 6 of the Dungeon.
             The game lasted 00:07:50 (3692 turns).

Irreverend the Ruffian (Troll Fighter)              Turns: 3692, Time: 00:07:51

Health: -1/80      AC:  4    Str: 25    XL:     8   Next: 55%
Magic:  0/7        EV:  9    Int:  6    God:
Gold:   261        SH:  8    Dex:  9    Spells: 7/7 levels left

rFire   + .          .
                       - Unarmed
rCold   . . .        b - +0 kite shield
rNeg    + . .        a - +0 robe
rPois   .            (helmet restricted)
rElec   .            (no cloak)
rCorr   .            (gloves unavailable)
SInv    .            (boots unavailable)
Will    .....        n - amulet of guardian spirit
Stlth   +            h - ring of positive energy
HPRegen 1.13/turn    j - ring of protection from fire
MPRegen 0.10/turn

%: guardian spirit
@: mighty
A: large, unfitting armour, claws 3, regeneration 1, shaggy fur 1, tough skin 1
a: no special abilities


You were on level 6 of the Dungeon.
You visited 1 branch of the dungeon, and saw 6 of its levels.

You collected 261 gold pieces.

Inventory:

Hand Weapons
 s - the +6 dagger "Naumm" {heavy, Str+4}
   (You found it on level 3 of the Dungeon)

   Str:       It affects your strength (+4).
Armour
 a - a +0 robe (worn)
 b - a +0 kite shield (worn)
Jewellery
 h - a ring of positive energy (left claw)
 j - a ring of protection from fire (right claw)
 n - an amulet of guardian spirit (around neck)
 t - a ring of see invisible
Wands
 x - a wand of quicksilver (3)
Scrolls
 g - 7 scrolls of identify {unknown}
 i - a scroll of blinking {unknown}
 k - a scroll of fog {unknown}
 l - a scroll of noise {unknown}
 p - 2 scrolls of teleportation {unknown}
 u - a scroll of enchant armour {unknown}
 w - a scroll of vulnerability {unknown}
Potions
 c - a potion of might
 d - 2 potions of flight {unknown}
 e - 2 potions of cancellation {unknown}
 f - 7 potions of curing {unknown}
 m - a potion of magic {unknown}
 o - a potion of berserk rage {unknown}
 q - 3 potions of heal wounds {unknown}
 r - a potion of brilliance {unknown}
 v - a potion of haste {unknown}


   Skills:
 + Level 5.0 Fighting
 - Level 2.4 Dodging
 + Level 5.5 Shields
 * Level 7.9 Unarmed Combat


You had 7 spell levels left.
You didn't know any spells.
Your spell library contained the following spells:

 Spells                   Type           Power      Damage    Failure   Level
 Freeze                   Ice            0%         1d3       69%         1
 Magic Dart               Conj           0%         1d3       69%         1
 Sandblast                Erth           0%         2d4       69%         1
 Call Imp                 Summ           0%         N/A       83%         2
 Passwall                 Tmut/Erth      0%         N/A       83%         2
 Poisonous Vapours        Pois/Air       0%         N/A       83%         2
 Frozen Ramparts          Ice            0%         1d1       96%         3
 Hailstorm                Conj/Ice       0%         3d3       96%         3
 Mephitic Cloud           Conj/Pois/Air  0%         N/A       96%         3
 Stone Arrow              Conj/Erth      0%         3d7       96%         3
 Summon Lightning Spire   Summ/Air       0%         N/A       100%        4
 Freezing Cloud           Conj/Ice/Air   0%         6-21      100%        5
 Storm Form               Tmut/Air       0%         N/A       100%        7
 Maxwell's Capacitive Co  Air            0%         ∞         100%        8


Dungeon Overview and Level Annotations

Branches:
Dungeon (6/15)
 Temple: D:4-7

Altars:
Ashenzari

Shops:
D:4 !   D:5 *?:


Innate Abilities, Weirdness & Mutations

You are too large for most types of armour.
You have claws for hands.
Your natural rate of healing is unusually fast.
You are covered in fur. (AC +1)
You have tough skin. (AC +1)


Message History

You kill the orc warrior!
The sky beast flickers out of sight!
Deactivating autopickup; reactivate with Ctrl-A.
The orc priest misses you. The hound barely misses you.
Your Fighting skill increases to level 5!
You claw the hound!
The hound is severely wounded.
The hound bites you.
* * * LOW HITPOINT WARNING * * *
A sky beast appears from thin air!
Reactivating autopickup.
The orc priest misses you.
An orc comes into view. It is wielding a +0 short sword.
You closely miss the hound.
The hound is severely wounded.
The orc shouts!
The hound bites you.
* * * LOW HITPOINT WARNING * * *
You block the orc priest's attack. The hound bites you.
* * * LOW HITPOINT WARNING * * *
You claw the hound!
You kill the hound!
You block the orc priest's attack.
You barely miss the sky beast. The sky beast hits you.
* * * LOW HITPOINT WARNING * * *
The sky beast shocks you.
* * * LOW HITPOINT WARNING * * *
You block the orc priest's attack.
You feel very mighty all of a sudden.
The orc priest hits you from afar with a +0 trident.
* * * LOW HITPOINT WARNING * * *
The sky beast hits you.
* * * LOW HITPOINT WARNING * * *
The sky beast shocks you.
* * * LOW HITPOINT WARNING * * *
You claw the sky beast!
The sky beast is moderately wounded.
The sky beast closely misses you.
The orc priest hits you from afar with a +0 trident.
You die...

..≈..###### .#####
.....# .....#.8#
.....#..# .....#..#####
.....#..#....## ####.
.....#..####...###o.....
.....#8.#.####..@YoK.#
.....#..#....##.#######
.......................
######......#..)...#...
#......#.....##
#......####### ########


You could see a sky beast, a kobold brigand, an orc priest and an orc.

Vanquished Creatures
  Grinder (D:5)
  Sigmund (D:2)
  An orc warrior (D:6)
  3 ogres
  The ghost of TheFallenCrow the Trooper, an amateur DsFi (D:3)
  A phantom (D:5)
  A scorpion (D:5)
  4 hounds
  A jelly (D:5)
  2 orc priests (D:4)
  Ijyb (D:5)
  6 iguanas
  An orc wizard (D:4)
  6 gnolls
  5 adders
  A shadow imp (D:6)
  An ufetubus (D:6)
  2 worms (D:2)
  5 dart slugs
  15 orcs
  10 ball pythons
  7 bats
  4 endoplasms
  2 giant cockroaches
  7 goblins
  7 hobgoblins
  9 jackals
  6 quokkas
  5 frilled lizards
  5 kobolds
  7 rats
128 creatures vanquished.

Notes
Turn   | Place    | Note
-------+----------+-------------------------------------------
     0 | D:1      | Irreverend the Troll Fighter began the quest for the Orb.
     0 | D:1      | Reached XP level 1. HP: 22/22 MP: 0/0
    75 | D:1      | Reached XP level 2. HP: 28/29 MP: 1/1
   276 | D:1      | Reached XP level 3. HP: 36/36 MP: 2/2
   305 | D:1      | Reached skill level 3 in Unarmed Combat
   601 | D:1      | You fall into a shaft and drop 1 floor!
   983 | D:2      | Noticed Sigmund
   990 | D:2      | Killed Sigmund
   991 | D:2      | Reached skill level 4 in Unarmed Combat
   991 | D:2      | Reached XP level 4. HP: 45/45 MP: 3/3
   991 | D:2      | Reached XP level 5. HP: 53/53 MP: 4/4
  1413 | D:3      | Noticed an ogre
  1428 | D:3      | Killed an ogre
  1429 | D:3      | Reached XP level 6. HP: 61/61 MP: 5/5
  1514 | D:3      | Found a broken altar of Ashenzari.
  1601 | D:3      | Identified the +6 dagger "Naumm" {heavy, Str+4}
  1645 | D:3      | Reached skill level 5 in Unarmed Combat
  1710 | D:3      | Found a large runed translucent door.
  1711 | D:3      | Found a large runed translucent door.
  1714 | D:3      | Noticed TheFallenCrow's ghost (amateur DsFi)
  1856 | D:3      | Killed TheFallenCrow's ghost
  1861 | D:3      | Identified the +4 rapier "Divitzoq" {venom, Str+3 Stlth+}
  2256 | D:4      | Reached XP level 7. HP: 52/68 MP: 4/6
  2743 | D:4      | Found Uluceenn's Distillery.
  2858 | D:5      | Entered Level 5 of the Dungeon
  2879 | D:5      | Reached skill level 6 in Unarmed Combat
  2958 | D:5      | Found Ikhoaf's Book Boutique.
  3151 | D:5      | Found Emotis's General Store.
  3255 | D:5      | Found Measurph's Magic Scroll Shoppe.
  3289 | D:5      | Noticed Grinder
  3292 | D:5      | Paralysed by Grinder for 5 turns
  3293 | D:5      | Noticed Ijyb
  3325 | D:5      | Reached skill level 5 in Shields
  3325 | D:5      | Reached XP level 8. HP: 40/79 MP: 3/7
  3332 | D:5      | Paralysed by Grinder for 4 turns
  3340 | D:5      | Killed Grinder
  3341 | D:5      | Reached skill level 7 in Unarmed Combat
  3343 | D:5      | Killed Ijyb
  3687 | D:6      | Reached skill level 5 in Fighting
  3691 | D:6      | HP: 4/80 [sky beast (5)]
  3692 | D:6      | Slain by an orc priest

Illustrated notes

Levels and vault maps discovered:
D:1:      nzn_arrival_crosshair, layout_basic
D:2:      layout_rooms, nrook_mini_vaults, uniq_sigmund
D:3:      layout_basic, ashenzari_altar_1, ebering_ghost_disaster_area
D:4:      layout_gridville, serial_shops, nicolae_shop_rolling_square,
          serial_rivers, chequers_serial_rivers_large_b,
          chequers_serial_rivers_small_3, chequers_serial_rivers_small_a,
          chequers_serial_rivers_small_3, chequers_serial_rivers_micro_b,
          chequers_serial_rivers_room_b
D:5:      layout_rooms, serial_shops, nicolae_shop_back_alley_shop,
          nicolae_diamond_shop, nicolae_lakefront_shop, minmay_diced_spiral,
          uniq_grinder, uniq_ijyb
D:6:      minmay_evil_eye, layout_basic, chequers_serial_rivers_small_a,
          chequers_decorated_corner

Skill      XL: |  1  2  3  4  5  6  7  8 |
---------------+-------------------------+-----
Shields        | 3 4 5 |  5.5
Unarmed Combat | 4 5 6 7 |  7.9
Fighting       | 3 4 5 |  5.0
Dodging        | |  2.4

Action                     |  1- 3 |  4- 6 |  7- 9 || total
---------------------------+-------+-------+-------++-------
  Melee: Unarmed           |   115 |   128 |   182 ||   425
    Use: Potion            |       |     1 |     1 ||     2
   Stab: Sleeping          |     1 |       |       ||     1
 Armour: Robe              |    41 |    29 |    53 ||   123
  Dodge: Dodged            |    31 |    39 |    75 ||   145
  Block: Kite shield       |    37 |    49 |    90 ||   176
